 Dungeon Crawl Stone Soup version 0.31-a0-18-gea43df2a32 (webtiles) character file.

Game seed: 6100964497735342179

8600 Juicyj the Blocker (level 11, -6/101 HPs)
             Began as a Minotaur Fighter on May 9, 2023.
             Was a Priest of Fedhas.
             Mangled by a gnoll sergeant
             ... wielding a +0 glaive
              (12 damage)
             ... in a bailey.
             The game lasted 00:15:49 (10084 turns).

Juicyj the Blocker (Minotaur Fighter)              Turns: 10084, Time: 00:15:50

Health: -6/101     AC: 15    Str: 29    XL:     11   Next: 12%
Magic:  10/10      EV:  7    Int:  1    God:    Fedhas [***...]
Gold:   889        SH: 19    Dex: 12    Spells: 10/10 levels left

rFire   + . .        a - +0 war axe
rCold   . . .        o - +3 tower shield
rNeg    . . .        K - +4 chain mail of Unreason {rF+ Int-4 SInv Stlth+}
rPois   .            (helmet restricted)
rElec   .            (no cloak)
rCorr   .            (no gloves)
SInv    +            (no boots)
Will    .....        (no amulet) Stlth
                     m - +6 ring of strength
HPRegen 0.36/turn    u - ring of see invisible
MPRegen 0.12/turn

%: no passive effects
@: mighty, weakened
A: horns 2, retaliatory headbutt
a: Renounce Religion, Wall of Briars, Grow Ballistomycete


You were in a bailey.
You worshipped Fedhas.
Fedhas was most pleased with you.
You visited 2 branches of the dungeon, and saw 11 of its levels.
You also visited: Sewer and Bailey.

You collected 889 gold pieces.

Inventory:

Hand Weapons
 a - a +0 war axe (weapon)
Missiles
 A - 20 poisoned darts (quivered)
 B - a curare-tipped dart
 E - 12 boomerangs
 L - 6 throwing nets
Armour
 b - a +0 scale mail
 c - a +0 plate armour
 o - a +3 tower shield (worn)
 F - +0 steam dragon scales
 K - the +4 chain mail of Unreason (worn) {rF+ Int-4 SInv Stlth+}
   (You took it off a wight on level 10 of the Dungeon)

   Int:       It affects your intelligence (-4).
   rF:        It protects you from fire.
   SInv:      It lets you see invisible.
   Stlth:     It makes you more stealthy.
Jewellery
 m - a +6 ring of strength (left hand)
 u - a ring of see invisible (right hand)
 z - an amulet of faith
Wands
 y - a wand of digging (3)
 G - a wand of polymorph (4)
Scrolls
 e - 2 scrolls of amnesia
 h - 2 scrolls of torment
 i - 2 scrolls of fog
 r - a scroll of poison
 s - a scroll of silence
 t - a scroll of immolation
 w - a scroll of butterflies
 x - a scroll of noise
 D - 2 scrolls of blinking
 H - 4 scrolls of teleportation
 I - a scroll of fear
 J - a scroll of brand weapon {unknown}
Potions
 d - a potion of might
 f - a potion of flight
 g - a potion of degeneration
 j - a potion of cancellation {unknown}
 k - 4 potions of mutation {unknown}
 l - 2 potions of brilliance {unknown}
 n - 4 potions of curing {unknown}
 p - 10 potions of heal wounds {unknown}
 q - 2 potions of berserk rage {unknown}
 v - 2 potions of ambrosia {unknown}
 C - 2 potions of invisibility {unknown}


   Skills:
 + Level 10.4 Fighting
 + Level 10.0 Axes
 + Level 5.4 Throwing
 + Level 10.4 Armour
 + Level 10.5 Shields
 + Level 1.0 Invocations
 + Level 1.1 Evocations


You had 10 spell levels left.
You didn't know any spells.
Your spell library contained the following spells:

 Spells                   Type           Power      Damage    Failure   Level
 Necrotise                Necr           0%         1d4       100%        1
 Blink                    Tloc           0%         N/A       100%        2
 Ensorcelled Hibernation  Hex/Ice        0%         N/A       100%        2
 Lesser Beckoning         Tloc           0%         N/A       100%        2
 Momentum Strike          Conj/Tloc      0%         3d8       100%        2
 Spider Form              Tmut/Pois      0%         N/A       100%        3
 Vampiric Draining        Necr           0%         2d6       100%        3
 Anguish                  Hex/Necr       0%         N/A       100%        4
 Cause Fear               Hex            0%         N/A       100%        4
 Agony                    Necr           0%         N/A       100%        5
 Yara's Violent Unravell  Hex/Tmut       0%         3d3       100%        5
 Death Channel            Necr           0%         N/A       100%        6


Dungeon Overview and Level Annotations

Branches:
Dungeon (10/15)            Temple (1/1) D:7             Orc (0/2) D:9
  Sewer (visited)          Bailey (1/1)
   Lair: D:8-11

Altars:
Ashenzari
Cheibriados
Fedhas
Gozag
Makhleb
Nemelex Xobeh
Okawaru
Ru
Sif Muna
Wu Jian
Xom
Yredelemnul
Zin
The Shining One

Shops:
D:2 :

Annotations:
D:9 2 transporters


Innate Abilities, Weirdness & Mutations

You have a pair of horns on your head.
You reflexively headbutt those who attack you in melee.


Message History

You feel your attacks grow feeble. You block the gnoll bouda's attack.
The gnoll sergeant hits you with a +0 glaive.
The gnoll bouda hits you but does no damage.
The gnoll sergeant hits you but does no damage.
You barely miss the gnoll sergeant.
Your headbutt misses the gnoll sergeant.
The gnoll sergeant is severely wounded.
You slash the gnoll bouda! You hit the gnoll bouda. You hit the gnoll sergeant.
The gnoll bouda calls upon its god to heal the gnoll sergeant.
The gnoll sergeant is healed somewhat.
The gnoll sergeant hits you but does no damage.
The gnoll sergeant hits you with a +0 glaive.
* * * LOW HITPOINT WARNING * * *
You block the gnoll bouda's attack.
The gnoll bouda hits you with a +0 halberd.
* * * LOW HITPOINT WARNING * * *
You hit the gnoll sergeant.
You kill the gnoll sergeant!
Fedhas appreciates your contribution to the ecosystem.
You can now grow a ballistomycete.
You hit the gnoll bouda.
You kill the gnoll bouda!
Fedhas appreciates your contribution to the ecosystem.
You barely miss the gnoll bouda. You barely miss the gnoll sergeant.
The gnoll sergeant hits you with a +0 glaive!!
* * * LOW HITPOINT WARNING * * *
You block the gnoll bouda's attack.
You hit the gnoll sergeant.
The gnoll sergeant is moderately wounded.
You barely miss the gnoll bouda. You block the gnoll sergeant's attack.
The gnoll bouda barely misses you. You furiously retaliate!
You headbutt the gnoll bouda!
You kill the gnoll bouda!
Fedhas appreciates your contribution to the ecosystem.
You barely miss the gnoll sergeant.
The gnoll sergeant is moderately wounded.
The gnoll sergeant hits you with a +0 glaive!
You die...
Fedhas appreciates your contribution to the ecosystem.

♣≈..##'###.....######..≈...♣♣
♣≈.....)#......)#...'..)....♣
♣≈...).)'...8..)'...'..)†..∩.
♣≈......#.......#...'.......♣
♣≈..##)###.....######..≈...♣♣
♣≈..#....##...##..+ #..≈..♣♣
♣≈..#.....#####...# #..≈..♣
♣≈..#........)....# #..≈..♣
♣≈..##....†g@)....# #..≈.♣♣
♣≈ ##.8...)...8.# #..≈.♣
#############


You could see a gnoll sergeant (swift).

Vanquished Creatures
  2 two-headed ogres
  A manticore (D:7)
  An unseen horror (D:10)
  A wyvern (D:9)
  7 yaks
  2 steam dragons
  Menkaure (D:7)
  Duvessa (D:4)
  3 water moccasins
  5 orc warriors
  A black bear (D:5)
  2 ice beasts (D:7)
  A sky beast (D:7)
  6 wolves (Bailey)
  3 ogres
  3 centaurs
  A phantom (D:5)
  3 kobold brigands (Sewer)
  7 gnoll sergeants
  3 bullfrogs
  12 wights
  Dowan (D:4)
  3 howler monkeys
  A crimson imp (D:5)
  7 hounds
  8 gnoll boudas
  3 orc priests
  2 jellies
  A sleepcap (D:5)
  2 iguanas
  6 orc wizards
  16 adders
  16 gnolls
  2 river rats (Sewer)
  2 white imps (D:5)
  2 ufetubi
  2 worms (D:2)
  4 dart slugs
  38 orcs
  7 ball pythons
  6 endoplasms
  5 giant cockroaches
  9 goblins
  7 hobgoblins
  6 jackals
  9 kobolds
  4 quokkas
  12 bats
  7 frilled lizards
  14 rats
268 creatures vanquished.

Notes
Turn   | Place    | Note
-------+----------+-------------------------------------------
     0 | D:1      | Juicyj the Minotaur Fighter began the quest for the Orb.
     0 | D:1      | Reached XP level 1. HP: 19/19 MP: 0/0
    39 | D:1      | Reached XP level 2. HP: 27/27 MP: 1/1
   372 | D:1      | Reached XP level 3. HP: 28/33 MP: 2/2
   711 | D:2      | Found Boacrobe's Book Boutique.
   772 | D:2      | Reached XP level 4. HP: 40/40 MP: 3/3
  1615 | D:3      | Reached XP level 5. HP: 47/47 MP: 4/4
  2068 | D:4      | Noticed an ogre
  2076 | D:4      | Killed an ogre
  2077 | D:4      | Reached skill level 5 in Fighting
  2077 | D:4      | Reached skill level 5 in Armour
  2077 | D:4      | Reached skill level 5 in Shields
  2116 | D:4      | Found a glowing drain.
  2118 | D:4      | Noticed a water moccasin
  2128 | D:4      | Killed a water moccasin
  2129 | D:4      | Reached XP level 6. HP: 56/56 MP: 5/5
  2151 | Sewer    | Entered a sewer
  2249 | Sewer    | Reached XP level 7. HP: 57/62 MP: 6/6
  2288 | Sewer    | Reached skill level 5 in Axes
  2970 | D:4      | Noticed Dowan
  2970 | D:4      | Noticed Duvessa
  2984 | D:4      | Killed Duvessa
  2993 | D:4      | Killed Dowan
  3370 | D:4      | Found a glowing silver altar of Zin.
  3419 | D:5      | Entered Level 5 of the Dungeon
  3670 | D:5      | Reached XP level 8. HP: 66/71 MP: 7/7
  5174 | D:6      | Found a glowing golden altar of the Shining One.
  6114 | D:7      | Found a staircase to the Ecumenical Temple.
  6129 | D:7      | Reached XP level 9. HP: 49/81 MP: 8/8
  6310 | D:7      | Reached skill level 1 in Throwing
  6467 | D:7      | Noticed a two-headed ogre
  6479 | D:7      | Killed a two-headed ogre
  6764 | D:7      | Noticed Menkaure
  6771 | D:7      | Killed Menkaure
  7084 | D:7      | Noticed a manticore
  7091 | D:7      | Killed a manticore
  7223 | D:7      | Found a sacrificial altar of Ru.
  7477 | D:7      | Reached XP level 10. HP: 91/91 MP: 9/9
  7514 | Temple   | Entered the Ecumenical Temple
  7703 | Temple   | Became a worshipper of Fedhas Madash
  7771 | D:8      | You fall into a shaft and drop 2 floors!
  7771 | D:10     | Entered Level 10 of the Dungeon
  8491 | D:10     | Reached * piety under Fedhas
  8544 | D:10     | Identified the +4 chain mail of Unreason {rF+ Int-4 SInv
                  | Stlth+}
  8812 | D:10     | Noticed a two-headed ogre
  8824 | D:10     | Killed a two-headed ogre
  8825 | D:10     | Reached skill level 10 in Armour
  8825 | D:10     | Reached skill level 10 in Shields
  9074 | D:9      | Reached skill level 10 in Fighting
  9076 | D:9      | Reached ** piety under Fedhas
  9077 | D:9      | Reached skill level 5 in Throwing
  9161 | D:9      | Found a staircase to the Orcish Mines.
  9167 | D:9      | Noticed an orc high priest
  9170 | D:9      | Found a transporter.
  9175 | D:9      | Found a transporter.
  9503 | D:9      | Found a flagged portal.
  9550 | Bailey   | Entered a bailey
  9701 | Bailey   | Reached XP level 11. HP: 75/100 MP: 10/10
 10023 | Bailey   | Got Keivococh's Incunable of the Dark Evil Eye
 10065 | Bailey   | Reached skill level 10 in Axes
 10067 | Bailey   | Reached skill level 1 in Evocations
 10074 | Bailey   | Reached skill level 1 in Invocations
 10082 | Bailey   | Reached *** piety under Fedhas
 10082 | Bailey   | HP: 5/101 [gnoll sergeant/+0 glaive (18)]
 10084 | Bailey   | Mangled by a gnoll sergeant

Illustrated notes

Levels and vault maps discovered:
D:1:      dpeg_arrival_simpleton_a, layout_rooms,
          nicolae_concentric_dashed_squares_wild
D:2:      layout_rooms, serial_shops, shop
D:3:      layout_basic, minmay_increasing_density
D:4:      layout_loops_ring, zin_treasury, gup_sewer_entry_glass,
          nrook_campfire, minmay_misc_feat_plants,
          chequers_hall_statues_corner_a, uniq_duvessa
D:5:      layout_loops_ring, minmay_fire_ice_demons
D:6:      layout_layer_cave, amcnicky_altar_gilded, serial_glass,
          glass_columns_a, glass_columns_b, feat_on_display,
          minmay_strange_pillars, minmay_strange_pillars
D:7:      layout_gridville, mainiacjoe_overflow_chevrons,
          minmay_temple_entry_trees, minmay_starry_boxes, uniq_menkaure
D:8:      layout_basic, vehumet_altar_wand_db, nicolae_overflow_crystal_walls,
          lair_entry_dummy
D:9:      gammafunk_wand_slinger, layout_grid_maze, grunt_temple_overflow_open,
          enter_bailey_2, ebering_dispersal_statue_hall
D:10:     layout_loops_ring, special_room [special_room_orc]
Temple:   bh_familiar_temple
Bailey:   bailey_polearm_gnolls_kennysheep, bailey

Skill      XL: |  1  2  3  4  5  6  7  8  9 10 11 |
---------------+----------------------------------+-----
Armour         | 4 5 6 8 9 10 | 10.4
Shields        | 4 5 6 8 9 10 | 10.5
Fighting       | 4 5 6 7 9 10 | 10.4
Axes           | 3 4 5 7 8 9 10 | 10.0
Throwing       | 3 5 |  5.4
Evocations     | 1 |  1.1
Invocations    | 1 |  1.0

Action                     |  1- 3 |  4- 6 |  7- 9 | 10-12 || total
---------------------------+-------+-------+-------+-------++-------
  Melee: War axe           |    77 |   114 |   271 |   274 ||   736
         Headbutt          |    10 |    15 |    39 |    69 ||   133
  Throw: Dart              |       |       |     4 |       ||     4
  Evoke: Wand              |       |       |     1 |       ||     1
    Use: Scroll            |       |       |    13 |     4 ||    17
         Potion            |       |       |       |     1 ||     1
 Armour: Scale mail        |    58 |    53 |    75 |       ||   186
         Chain mail        |       |       |       |    73 ||    73
         Plate armour      |       |       |       |    20 ||    20
  Dodge: Dodged            |    38 |    42 |    92 |    70 ||   242
  Block: Buckler           |    15 |     5 |       |       ||    20
         Tower shield      |       |    78 |   234 |   335 ||   647

Table legend: (Time is in decaauts)
 A = Elapsed time spent in this place.
 B = Non-inter-level travel time spent in this place.
 C = Inter-level travel time spent in this place.
 D = Time resting spent in this place.
 E = Time spent auto-exploring this place.
 F = Levels seen in this place.
 G = Mean time per level.
                   A        B        C        D        E       F      G
               +--------+--------+--------+--------+--------+-----+--------+
         Total |  10454 |  10188 |    266 |    462 |   7935 |  13 |  804.2 |
       Dungeon |   8853 |   8626 |    227 |    458 |   6719 |  10 |  885.3 |
        Temple |    206 |    167 |     39 |      0 |    154 |   1 |  206.0 |
         Sewer |    845 |    845 |      0 |      0 |    661 |   1 |  845.0 |
        Bailey |    548 |    548 |      0 |      4 |    401 |   1 |  548.0 |
               +--------+--------+--------+--------+--------+-----+--------+

Top non-repeatable levels by time:
     D:6: 1722 daAuts
     D:7: 1382 daAuts
    D:10: 1323 daAuts
     D:5: 1105 daAuts
     D:3: 900 daAuts
   Sewer: 845 daAuts
     D:4: 814 daAuts
     D:1: 666 daAuts
  Bailey: 548 daAuts
     D:9: 493 daAuts
     D:2: 437 daAuts
  Temple: 206 daAuts
     D:8: 7 daAuts
